 Dungeon Crawl Stone Soup version 0.25.1-2-g60ff931df9 (webtiles) character file.

Game seed: 1138176394079416089

18297 lepoulpe303 the Nimble (level 12, -1/65 HPs)
             Began as a Spriggan Fighter on Sept 21, 2020.
             Was the Champion of Okawaru.
             Slain by a minotaur (15 damage)
             ... in a Gauntlet.
             The game lasted 01:03:22 (18248 turns).

lepoulpe303 the Nimble (Spriggan Fighter)          Turns: 18248, Time: 01:03:22

Health: -1/65      AC:  9    Str: 18    XL:     12   Next: 26%
Magic:  19/26      EV: 27    Int: 13    God:    Okawaru [******]
Gold:   499        SH:  7    Dex: 14    Spells: 11/11 levels left

rFire    . . .     SeeInvis +   a - +9 rapier of Xiuhuva {freeze, +Fly MP+9 Str+2 Int+3}
rCold    . . .     Gourm    .   y - +1 buckler
rNeg     . . .     Faith    .   p - +2 robe {MR+} {MR+}
rPois    +         Spirit   .   (helmet restricted)
rElec    .         Reflect  .   n - +0 cloak {rCorr}
rCorr    +         Harm     .   (gloves unavailable)
MR       +++..     NoTele   +   (boots unavailable)
Stlth    ++++......             (no amulet)
HPRegen  0.20/turn              o - +4 ring of protection
MPRegen  0.20/turn              M - +4 ring of slaying

@: stab, very quick
A: very small, unfitting armour, see invisible, clumsy 1, herbivore, speed 3,
poison resistance, slow metabolism 2
a: Heroism, Finesse, Renounce Religion, Evoke Flight


You were in a Gauntlet.
You worshipped Okawaru.
Okawaru was exalted by your worship.
You were not hungry.

You visited 3 branches of the dungeon, and saw 13 of its levels.
You also visited: Ossuary and Gauntlet.

You collected 499 gold pieces.

Inventory:

Hand Weapons
 a - the +9 rapier of Xiuhuva (weapon) {freeze, +Fly MP+9 Str+2 Int+3}
   (You found it in an ossuary)

   It has been specially enchanted to freeze those struck by it, causing extra
   injury to most foes and up to half again as much damage against particularly
   susceptible opponents.
   It can also slow down cold-blooded creatures.
   It affects your strength (+2).
   It affects your intelligence (+3).
   It affects your magic capacity (+9).
   It lets you fly.
 b - a +0 hunting sling
 c - a +2 short sword of venom
 f - a +2 quick blade
Missiles
 G - 119 sling bullets
 J - 6 boomerangs (quivered)
 K - 2 throwing nets {=f}
 L - 11 poisoned darts
Armour
 n - a +0 cloak of preservation (worn)
 p - a +2 robe of magic resistance (worn) {MR+}
 y - a +1 buckler (worn)
Jewellery
 m - the ring "Heuniolo" {Wiz *Slow Int+3}
   (You found it in a Gauntlet)

   [ring of wizardry]

   It improves your spell success rate.
   It affects your intelligence (+3).
   It may slow you when you take damage.
 o - a +4 ring of protection (left hand)
 t - a +4 ring of protection
 M - a +4 ring of slaying (right hand)
Wands
 q - a wand of paralysis (9)
 B - a wand of enslavement (15)
 E - a wand of iceblast (8)
Scrolls
 i - 2 scrolls of identify
 k - a scroll of noise {!r}
 s - a scroll of enchant weapon {unknown}
 u - a scroll of amnesia {unknown}
 v - 6 scrolls of magic mapping {!r}
 w - 3 scrolls of remove curse
 z - 2 scrolls of fog {unknown}
 A - 2 scrolls of immolation {unknown}
 C - 3 scrolls of teleportation {unknown}
 F - a scroll of holy word {unknown}
 H - a scroll of fear {unknown}
Potions
 d - a potion of might
 g - 2 potions of ambrosia
 h - 4 potions of haste
 j - a potion of invisibility
 l - 3 potions of heal wounds
 r - 2 potions of flight
 x - 9 potions of curing
 D - 3 potions of lignification {!q}
Comestibles
 e - 10 rations


   Skills:
 * Level 8.3 Fighting
 * Level 10.3 Short Blades
 * Level 9.4 Slings
 - Level 0.2 Armour
 * Level 13.4 Dodging
 + Level 10.0 Stealth
 - Level 4.0 Shields
 + Level 5.8 Invocations


You had 11 spell levels left.
You didn't know any spells.
Your spell library contained the following spells:

 Spells                   Type           Power        Failure   Level  Hunger
 Shock                    Conj/Air       #...         36%         1    ##.....
 Swiftness                Chrm/Air       #.......     50%         2    ###....
 Static Discharge         Conj/Air       #.......     75%         3    ####...
 Airstrike                Air            #.........   98%         4    #####..
 Lightning Bolt           Conj/Air       #.........   100%        5    ######.


Dungeon Overview and Level Annotations

Branches:
Dungeon (10/15)            Temple (1/1) D:4            Lair (2/6) D:10
 Shoals (0/4) Lair:2          Orc (0/2) D:10        Ossuary (visited)
Gauntlet (1/1)
  Snake: Lair:2-4    Spider: Lair:2-4

Altars:
Ashenzari
Cheibriados
Dithmenos
Elyvilon
Fedhas
Gozag
Hepliaklqana
Kikubaaqudgha
Makhleb
Nemelex Xobeh
Okawaru
Qazlal
Ru
Sif Muna
Trog
Uskayaw
Wu Jian
Xom
Yredelemnul
Zin
The Shining One
Beogh

Shops:
D:10 =

Annotations:
D:3 1 runed translucent door, lepoulpe303's ghost, amateur SpAK
D:4 2 transporters, Subbak's ghost, amateur VSTm Gauntlet 5 transporters, 2 runed translucent doors


Innate Abilities, Weirdness & Mutations

You are very small and have problems with some larger weapons.
You are too small for most types of armour.
You have supernaturally acute eyesight. (SInv)
You are a herbivore.
You cover ground extremely quickly.
You need to consume almost no food.
You are clumsy. (Dex -2)
Your system is resistant to poisons. (rPois)


Message History

You puncture the minotaur! You freeze the minotaur. You puncture the minotaur!
You freeze the minotaur.
The minotaur drinks a potion.
The minotaur is healed!
You closely miss the minotaur. The minotaur hits you!
* * * LOW HITPOINT WARNING * * *
The minotaur gores you but does no damage.
You take 12 damage, and have 28/65 hp.
You hit the minotaur. You puncture the minotaur! You freeze the minotaur.
The minotaur hits you.
* * * LOW HITPOINT WARNING * * *
The minotaur gores you!
* * * LOW HITPOINT WARNING * * *
You take 13 damage, and have 15/65 hp.
You hit the minotaur but do no damage. The minotaur closely misses you.
The minotaur gores you.
* * * LOW HITPOINT WARNING * * *
You take 2 damage, and have 13/65 hp.
You hit the minotaur but do no damage. The minotaur hits you!
You die...

#.#####
#.....#
#######.#
#.....#.#
#.###.#.#
#.#∩#.#.#
#.#.#.#.#
#.#H#.#.#
#.#.@.#.#
#.#####.#
#.......#
#########


You could see a minotaur.

Levels and vault maps discovered:
D:1:      dpeg_arrival_concentric_ovals, layout_loops_corners
D:2:      layout_loops_ring, lemuel_coloured_pillars_altar,
          nicolae_overflow_hidden_temple, wad_floor_pattern_untrapped,
          minmay_tromino_i2, uniq_robin, uniq_sigmund
D:3:      layout_loops_ring, lemuel_doored_altar, gammafunk_ghost_grave
D:4:      layout_basic, nicolae_overflow_crystal_walls,
          minmay_temple_entry_statues_fountains, gammafunk_ghost_mausoleum
D:5:      layout_basic, grunt_qazlal_clouds, enter_ossuary_5, first_ration,
          due_unseen_surprise
D:6:      layout_loops_ring, nicolae_dithmenos_through_a_glass_darkly,
          lemuel_crystal_altar, serial_glass, glass_columns_a, glass_columns_a,
          nrook_mini_backslash
D:7:      layout_loops_cross
D:8:      layout_basic, marbit_many_paths, uniq_maurice
D:9:      minmay_diamond_stairs, layout_long_grid, old_standard_altar,
          xom_shifter_show, ashenzari_conservatory_becter,
          hangedman_little_slice_of_home
D:10:     layout_roguey [special_room_kobold], minmay_lair_entry_grove,
          minmay_orc_entry_temple_small, serial_shops, shop, basic_altar,
          uniq_harold
Temple:   minmay_temple_curvy_loop
Lair:1:   layout_cave_pods, nicolae_quartered_pool_medium
Lair:2:   layout_cave_pods, minmay_shoals_entry_beasts, gauntlet_entry_generic,
          minivault_26, uniq_sonja
Gauntlet: gammafunk_gauntlet_77_escape_option
          [minmay_gauntlet_arena_77_tiled_triplets,
          minmay_gauntlet_arena_77_checkered, minmay_gauntlet_arena_77_path,
          minmay_gauntlet_arena_77_box, minmay_gauntlet_arena_77_cramped,
          gauntlet_exit_spiral]

Notes
Turn   | Place    | Note
-------+----------+-------------------------------------------
     0 | D:1      | lepoulpe303 the Spriggan Fighter began the quest for the
                  | Orb.
     0 | D:1      | Reached XP level 1. HP: 11/11 MP: 2/2
   155 | D:1      | Identified a cursed +0 dagger
   347 | D:1      | Reached XP level 2. HP: 14/16 MP: 3/3
   503 | D:1      | Identified a +0 dagger
   631 | D:1      | Identified a +0 club
   886 | D:2      | Reached skill level 1 in Stealth
   886 | D:2      | Reached XP level 3. HP: 16/19 MP: 4/4
  1018 | D:2      | Identified a +0 club
  1183 | D:2      | Reached skill level 5 in Dodging
  1188 | D:2      | Identified a +0 club
  1204 | D:2      | Reached skill level 3 in Fighting
  1463 | D:2      | Identified a +0 scythe
  1463 | D:2      | Identified a +0 robe
  1463 | D:2      | Noticed Sigmund
  1767 | D:2      | Identified a +0 short sword
  1780 | D:2      | Reached skill level 3 in Short Blades
  1780 | D:2      | Reached XP level 4. HP: 21/24 MP: 5/5
  1903 | D:2      | Identified a +0 giant club
  1903 | D:2      | Noticed an ogre
  1903 | D:2      | Identified a +0 short sword
  1928 | D:2      | Killed an ogre
  1928 | D:2      | Reached skill level 2 in Stealth
  1928 | D:2      | Reached XP level 5. HP: 16/28 MP: 6/6
  1931 | D:2      | Identified a +4 club
  1931 | D:2      | Identified a +1 animal skin
  1931 | D:2      | Identified a +0 helmet
  1931 | D:2      | Noticed Robin
  1932 | D:2      | Identified a +0 club
  1965 | D:2      | Identified a +0 club
  1967 | D:2      | Identified a +0 dagger
  1970 | D:2      | Identified a +0 dagger
  2328 | D:2      | Identified a +0 whip
  2363 | D:2      | Found a basalt altar of Yredelemnul.
  2420 | D:2      | Found a hide-covered altar of Uskayaw.
  2481 | D:2      | Identified a cursed +0 club
  2482 | D:2      | Killed Robin
  2484 | D:2      | Identified a +0 club
  2507 | D:3      | Identified a +0 dagger
  2507 | D:3      | Identified a +0 robe
  2507 | D:3      | Identified a cursed -2 dagger
  2507 | D:3      | Identified a +0 flail
  2510 | D:3      | Identified a +3 hand axe
  2510 | D:3      | Identified a +0 leather armour
  2511 | D:3      | Identified a +0 short sword
  2511 | D:3      | Identified a +0 chain mail
  2574 | D:3      | Identified 2 scrolls of identify
  2574 | D:3      | Identified a ring of strength (You found it on level 3 of
                  | the Dungeon)
  2577 | D:3      | Found a runed translucent door.
  2577 | D:3      | Noticed lepoulpe303's ghost (amateur SpAK)
  2621 | D:3      | Identified a +0 dagger
  2626 | D:3      | Identified a +0 leather armour
  2627 | D:3      | Identified a +0 club
  2627 | D:3      | Identified a +0 falchion
  2627 | D:3      | Identified a +1 leather armour of magic resistance
  2627 | D:3      | Identified a +0 short sword
  2643 | D:3      | Identified a +0 club
  2750 | D:3      | Identified a +0 cloak (You found it on level 3 of the
                  | Dungeon)
  2796 | D:3      | Identified a +0 club
  2820 | D:3      | Identified a cursed -3 trident
  2821 | D:3      | Identified a +0 mace
  2821 | D:3      | Identified a +0 leather armour
  2822 | D:3      | Identified a +0 mace
  2822 | D:3      | Identified a +0 ring mail
  2837 | D:2      | HP: 2/28 [orc/+0 flail (6)]
  3396 | D:3      | Reached skill level 6 in Dodging
  3397 | D:3      | Identified a +0 rapier
  3741 | D:3      | Identified a +0 dagger
  3895 | D:3      | Found a shimmering blue altar of Sif Muna.
  3985 | D:3      | Identified a +0 club
  3987 | D:3      | Identified a +0 morningstar
  3987 | D:3      | Identified a +0 scale mail
  3987 | D:3      | Identified a +0 scale mail
  3987 | D:3      | Identified a +0 club
  4126 | D:3      | Reached XP level 6. HP: 19/33 MP: 7/7
  4497 | D:4      | Identified a +0 giant spiked club
  4516 | D:4      | Reached skill level 4 in Short Blades
  4516 | D:4      | Reached skill level 3 in Stealth
  4591 | D:4      | Found a staircase to the Ecumenical Temple.
  4594 | D:4      | Identified a +0 dagger
  4594 | D:4      | Identified a +2 robe of magic resistance
  4596 | D:4      | Identified a +0 mace
  4596 | D:4      | Identified a +0 chain mail
  4597 | D:4      | Identified a +0 hand axe
  4597 | D:4      | Identified a +0 leather armour
  4597 | D:4      | Identified a +0 mace
  4909 | D:4      | Identified a +0 whip
  4909 | D:4      | Identified a +0 robe
  4910 | D:4      | Identified a +0 flail
  4937 | D:4      | Identified a +0 ring mail
  4951 | D:4      | Identified a +0 leather armour
  4952 | D:4      | Identified a +0 mace
  4989 | D:4      | Reached skill level 4 in Fighting
  5021 | D:4      | Identified a +0 spear
  5022 | D:4      | Identified a +0 flail
  5022 | D:4      | Identified a +0 robe
  5022 | D:4      | Identified a +0 spear
  5043 | D:4      | HP: 6/33 [gnoll/+0 flail (12)]
  5314 | D:4      | Identified a +0 short sword
  5314 | D:4      | Identified a +0 ring mail
  5315 | D:4      | Identified a +0 club
  5315 | D:4      | Identified a +0 scale mail
  5315 | D:4      | Identified a +0 club
  5332 | D:4      | Reached XP level 7. HP: 37/37 MP: 8/8
  5378 | D:4      | Reached skill level 7 in Dodging
  5670 | D:4      | Identified 3 potions of curing
  5671 | D:4      | Identified 2 potions of brilliance
  5681 | Temple   | Entered the Ecumenical Temple
  5817 | Temple   | Became a worshipper of Warmaster Okawaru
  5966 | D:4      | Found a transporter.
  5967 | D:4      | Found a transporter.
  5967 | D:4      | Noticed Subbak's ghost (amateur VSTm)
  5987 | D:4      | Found a blossoming altar of Fedhas.
  6013 | D:4      | Identified a cursed -2 giant club
  6041 | D:4      | Reached skill level 4 in Stealth
  6408 | D:5      | Entered Level 5 of the Dungeon
  6600 | D:5      | Reached skill level 5 in Short Blades
  6600 | D:5      | Reached skill level 3 in Shields
  6724 | D:5      | Found a stormy altar of Qazlal.
  6773 | D:5      | Identified a +0 shortbow
  6931 | D:5      | Reached skill level 1 in Invocations
  6939 | D:5      | Found a sand-covered staircase.
  6944 | Ossuary  | Entered an ossuary
  6945 | Ossuary  | Identified a ring of protection (You found it on level 5 of
                  | the Dungeon)
  7257 | Ossuary  | Reached * piety under Okawaru
  7257 | Ossuary  | Reached XP level 8. HP: 31/42 MP: 9/9
  7385 | Ossuary  | Reached skill level 8 in Dodging
  7573 | Ossuary  | Got a slimy rapier
  7574 | Ossuary  | Identified the +9 rapier of Xiuhuva {freeze, +Fly MP+9
                  | Str+2 Int+3} (You found it in an ossuary)
  7795 | D:5      | Identified a cursed +0 hunting sling (You found it on level
                  | 5 of the Dungeon)
  7796 | D:5      | Identified 5 scrolls of magic mapping
  7797 | D:5      | Identified 4 scrolls of enchant armour
  7798 | D:5      | Identified 2 scrolls of remove curse
  8341 | D:2      | Found a basalt altar of Yredelemnul.
  8402 | D:2      | Found a hide-covered altar of Uskayaw.
  8458 | D:2      | Killed Sigmund
  8458 | D:2      | Reached skill level 1 in Slings
  8458 | D:2      | Reached skill level 5 in Stealth
  8823 | D:5      | Reached skill level 5 in Fighting
  9051 | D:5      | Reached ** piety under Okawaru
  9051 | D:5      | Reached skill level 6 in Short Blades
  9051 | D:5      | Reached skill level 2 in Slings
  9051 | D:5      | Reached skill level 2 in Invocations
  9372 | D:6      | Found a shadowy altar of Dithmenos.
  9509 | D:6      | Identified a +0 dagger
  9509 | D:6      | Identified a +0 robe
  9509 | D:6      | Identified a +0 war axe
  9509 | D:6      | Identified a +0 leather armour
  9596 | D:6      | Found a hazy altar of Hepliaklqana.
  9611 | D:6      | Identified a +3 dagger
  9611 | D:6      | Identified a +0 ring mail
  9611 | D:6      | Identified a +0 giant spiked club
  9613 | D:6      | Identified a +0 dagger
  9613 | D:6      | Identified a +0 robe
  9613 | D:6      | Identified a +0 whip
  9676 | D:6      | Reached skill level 9 in Dodging
 10163 | D:7      | Reached skill level 3 in Slings
 10163 | D:7      | Reached XP level 9. HP: 47/47 MP: 10/11
 10231 | D:7      | Identified a +0 giant spiked club
 10337 | D:7      | Identified a +0 giant club
 10337 | D:7      | You fall into a shaft and drop 2 floors!
 10351 | D:9      | Identified 3 potions of haste
 10355 | D:9      | Identified a +0 giant spiked club
 10392 | D:9      | Found a shimmering altar of Xom.
 10392 | D:9      | Found a shimmering altar of Xom.
 10393 | D:9      | Found a shimmering altar of Xom.
 10425 | D:9      | Found a shimmering altar of Xom.
 10425 | D:9      | Found a shimmering altar of Xom.
 10425 | D:9      | Found a shimmering altar of Xom.
 10425 | D:9      | Found a shimmering altar of Xom.
 10425 | D:9      | Found a shimmering altar of Xom.
 10502 | D:9      | Reached skill level 6 in Stealth
 10632 | D:9      | Identified a cursed -2 giant club
 10634 | D:9      | Identified a +0 whip
 10634 | D:9      | Identified a +0 whip
 10686 | D:9      | HP: 7/47 [wyvern (14)]
 10698 | D:9      | Identified 2 scrolls of noise
 10699 | D:9      | Reached *** piety under Okawaru
 10914 | D:9      | Identified a +0 quarterstaff
 10914 | D:9      | Identified a +0 scale mail
 10922 | D:9      | Identified a +0 club
 11080 | D:9      | Identified 2 potions of mutation
 11095 | D:9      | Identified 2 potions of heal wounds
 11102 | D:9      | Found a glowing silver altar of Zin.
 11123 | D:9      | Reached skill level 4 in Slings
 11123 | D:9      | Reached skill level 3 in Invocations
 11138 | D:9      | Reached skill level 7 in Short Blades
 11211 | D:9      | Reached skill level 6 in Fighting
 11211 | D:9      | Reached skill level 10 in Dodging
 11213 | D:9      | Identified a +0 spear
 11223 | D:9      | Identified a +0 trident
 11225 | D:9      | Identified a +0 scimitar
 11225 | D:9      | Identified a +0 plate armour
 11271 | D:9      | Reached skill level 4 in Shields
 11503 | D:9      | Identified a +0 mace
 11503 | D:9      | Noticed a gargoyle
 11504 | D:9      | Reached skill level 5 in Slings
 11696 | D:8      | Reached **** piety under Okawaru
 11810 | D:8      | Identified a +0 flail
 11837 | D:8      | Identified a potion of flight
 11874 | D:7      | Reached XP level 10. HP: 53/53 MP: 13/13
 11879 | D:7      | Identified a +0 leather armour
 11947 | D:7      | Identified a +0 giant club
 11960 | D:7      | Reached skill level 7 in Stealth
 12752 | D:8      | Identified a +2 short sword of venom
 12752 | D:8      | Identified a +0 cloak
 12752 | D:8      | Noticed Maurice
 12765 | D:8      | Killed Maurice
 13010 | D:8      | Found an opulent altar of Gozag.
 13056 | D:8      | Reached ***** piety under Okawaru
 13287 | D:9      | Killed a gargoyle
 13287 | D:9      | Reached skill level 8 in Short Blades
 13287 | D:9      | Reached skill level 6 in Slings
 13339 | D:9      | Reached skill level 4 in Invocations
 13502 | D:9      | Reached skill level 11 in Dodging
 13506 | D:9      | Found a shattered altar of Ashenzari.
 13569 | D:9      | Identified a +0 giant club
 13569 | D:9      | Identified a +0 giant club
 13569 | D:9      | Noticed a two-headed ogre
 13622 | D:9      | Killed a two-headed ogre
 13622 | D:9      | Received a gift from Okawaru
 13707 | D:9      | Reached skill level 8 in Stealth
 13859 | D:10     | Entered Level 10 of the Dungeon
 13859 | D:10     | Identified a +0 club
 13859 | D:10     | Identified a +0 dagger
 13860 | D:10     | Noticed an unseen horror
 13861 | D:10     | Identified a +0 long sword
 13861 | D:10     | Identified a +0 chain mail
 13862 | D:10     | Identified a +0 whip
 13864 | D:10     | Identified a +0 hand axe
 13932 | D:9      | Reached skill level 7 in Fighting
 14116 | D:10     | Killed an unseen horror
 14116 | D:10     | Reached skill level 7 in Slings
 14152 | D:10     | Reached XP level 11. HP: 58/58 MP: 15/15
 14232 | D:10     | Found Sabynur's Jewellery Boutique.
 14233 | D:10     | Identified a +0 giant spiked club
 14233 | D:10     | Identified a +0 giant spiked club
 14233 | D:10     | Noticed a two-headed ogre
 14235 | D:10     | Identified a +0 hand axe
 14279 | D:10     | Killed a two-headed ogre
 14279 | D:10     | Received a gift from Okawaru
 14325 | D:10     | Found a staircase to the Orcish Mines.
 14329 | D:10     | Identified a +0 dagger
 14329 | D:10     | Identified a +0 robe
 14332 | D:10     | Identified a +0 flail
 14333 | D:10     | Identified a +0 short sword
 14333 | D:10     | Identified a +0 leather armour
 14335 | D:10     | Identified a +0 scale mail
 14337 | D:10     | Identified a +0 scimitar
 14337 | D:10     | Identified a +0 plate armour
 14339 | D:10     | Identified a +0 mace
 14339 | D:10     | Identified a +0 ring mail
 14342 | D:10     | Identified a +0 dagger
 14596 | D:10     | Reached skill level 9 in Short Blades
 14620 | D:10     | Identified a +2 vorpal flail
 14620 | D:10     | Identified a +0 chain mail
 14690 | D:10     | Found a roughly hewn altar of Beogh.
 14769 | D:10     | Found a glowing silver altar of Zin.
 14861 | D:10     | Reached skill level 12 in Dodging
 14868 | D:10     | Identified a +0 glaive
 14868 | D:10     | Identified a +1 ring mail of magic resistance
 14868 | D:10     | Noticed Harold
 14994 | D:10     | Killed Harold
 15216 | D:10     | Reached skill level 8 in Slings
 15223 | D:10     | Found a staircase to the Lair.
 15243 | D:10     | Reached skill level 5 in Invocations
 15266 | D:10     | Reached ****** piety under Okawaru
 15394 | D:10     | Identified a +0 dagger
 15395 | D:10     | Identified a +0 dagger
 15397 | D:10     | Identified a +0 dagger
 15399 | D:10     | Identified a +0 dagger
 15399 | D:10     | Identified a +0 robe
 15399 | D:10     | Identified a +0 whip
 15399 | D:10     | Identified a +0 whip
 15399 | D:10     | Identified a +0 club
 15399 | D:10     | Identified a +2 short sword of protection
 15400 | D:10     | Identified a +0 short sword
 15400 | D:10     | Identified a +1 dagger of electrocution
 15401 | D:10     | Identified a +0 club
 15401 | D:10     | Identified a +0 whip
 15401 | D:10     | Identified a +0 dagger
 15402 | D:10     | Identified a +0 whip
 15411 | D:10     | Reached skill level 9 in Stealth
 15435 | D:10     | Received a gift from Okawaru
 15651 | D:10     | Identified 2 potions of lignification
 15652 | D:10     | Identified a potion of stabbing
 15653 | D:10     | Identified a potion of invisibility
 15722 | Lair:1   | Entered Level 1 of the Lair of Beasts
 15931 | Lair:1   | Received a gift from Okawaru
 15939 | Lair:1   | Identified a +2 quick blade (Okawaru gifted it to you on
                  | level 1 of the Lair of Beasts)
 16491 | Lair:1   | Identified a potion of ambrosia
 16492 | Lair:1   | Identified a potion of degeneration
 16530 | Lair:1   | Reached skill level 8 in Fighting
 16538 | Lair:1   | Reached skill level 13 in Dodging
 16556 | Lair:1   | Reached skill level 10 in Short Blades
 16556 | Lair:1   | Reached skill level 9 in Slings
 16803 | Lair:1   | Reached XP level 12. HP: 38/64 MP: 16/17
 17478 | D:10     | Gained mutation: You are clumsy. (Dex -2) [potion of
                  | mutation]
 17478 | D:10     | Gained mutation: Your system is resistant to poisons.
                  | (rPois) [potion of mutation]
 17522 | Lair:2   | Found a gate leading to a gauntlet.
 17537 | Gauntlet | Entered a Gauntlet
 17537 | Gauntlet | Found a transporter.
 17537 | Gauntlet | Noticed a queen ant
 17541 | Gauntlet | Found a transporter.
 17544 | Gauntlet | Found a transporter.
 17553 | Gauntlet | Found a transporter.
 17556 | Gauntlet | Found a transporter.
 17568 | Gauntlet | Found a transporter.
 17568 | Gauntlet | Found a transporter.
 17576 | Gauntlet | Noticed a hell hog
 17579 | Gauntlet | Found a transporter.
 17580 | Gauntlet | Found a transporter.
 17584 | Gauntlet | Found a runed translucent door.
 17586 | Gauntlet | Found a runed translucent door.
 17588 | Gauntlet | Found a transporter.
 17610 | Gauntlet | Found a transporter.
 17622 | Gauntlet | Found a transporter.
 17626 | Gauntlet | Found a runed translucent door.
 17634 | Gauntlet | Found a transporter.
 17646 | Gauntlet | Found a transporter.
 17696 | Gauntlet | Killed a queen ant
 17918 | Gauntlet | Identified a +0 cloak of preservation (You found it in a
                  | Gauntlet)
 18131 | Gauntlet | Received a gift from Okawaru
 18133 | Gauntlet | Got a slimy lapis lazuli ring
 18138 | Gauntlet | Reached skill level 10 in Stealth
 18148 | Gauntlet | Identified a ring of slaying (You found it in a Gauntlet)
 18150 | Gauntlet | Identified the ring "Heuniolo" {Wiz *Slow Int+3} (You found
                  | it in a Gauntlet)
 18236 | Gauntlet | Identified a +2 chain mail of cold resistance
 18236 | Gauntlet | Noticed a minotaur
 18246 | Gauntlet | HP: 15/65 [minotaur (11)]
 18248 | Gauntlet | Slain by a minotaur

Table legend:
 A = Turns spent in this place as a percentage of turns spent in the entire game.
 B = Non-inter-level travel turns spent in this place as a percentage of non-inter-level travel turns spent in the entire game.
 C = Inter-level travel turns spent in this place as a percentage of turns spent in this place.
 D = Turns resting spent in this place as a percentage of non-inter-level travel turns spent in this place.
 E = Turns spent auto-exploring this place as a percentage of non-inter-level travel turns spent in this place.
 F = Non-inter-level travel turns spent in this place divided by the number of levels of this place that you've seen.
                   A       B       C       D       E      F
               +-------+-------+-------+-------+-------+----------------------
         Total | 100.0 | 100.0 |   6.1 |  31.1 |  41.2 | 1142.6
       Dungeon |  81.5 |  80.9 |   6.8 |  30.8 |  42.8 | 1386.3
        Temple |   0.9 |   0.7 |  22.5 |   0.0 |  95.2 | 124.0
          Lair |   9.9 |  10.2 |   3.5 |  34.2 |  50.9 | 871.5
       Ossuary |   3.8 |   4.1 |   0.0 |  18.8 |  12.5 | 698.0
      Gauntlet |   3.9 |   4.1 |   0.0 |  46.7 |   4.4 | 711.0
               +-------+-------+-------+-------+-------+----------------------

Table legend:
 A = Kills in this place as a percentage of kills in entire the game.
 B = Kills by you in this place as a percentage of kills by you in the entire game.
 C = Kills by friends in this place as a percentage of kills by friends in the entire game.
 D = Other kills in this place as a percentage of other kills in the entire game.
 E = Experience gained in this place as a percentage of experience gained in the entire game.
 F = Experience gained in this place divided by the number of levels of this place that you have seen.
                   A       B       C       D       E      F
               +-------+-------+-------+-------+-------+----------------------
         Total | 100.0 | 100.0 |   N/A |   N/A | 100.0 | 1742.6
       Dungeon |  79.0 |  79.0 |   N/A |   N/A |  66.6 | 1740.4
          Lair |   6.0 |   6.0 |   N/A |   N/A |  18.2 | 2384.5
       Ossuary |  10.4 |  10.4 |   N/A |   N/A |   1.3 | 336.0
      Gauntlet |   4.6 |   4.6 |   N/A |   N/A |  13.9 | 3630.0
               +-------+-------+-------+-------+-------+----------------------

Skill      XL: |  1  2  3  4  5  6  7  8  9 10 11 12 |
---------------+-------------------------------------+-----
Stealth        | 1 2 3 4 5 6 8 9 10 | 10.0
Dodging        | 5 6 7 9 10 11 13 | 13.4
Fighting       | 3 4 5 6 7 8 |  8.3
Short Blades   | 3 4 5 6 7 8 10 | 10.3
Shields        | 3 4 |  4.0
Invocations    | 1 2 3 4 5 |  5.8
Slings         | 3 5 7 9 |  9.4
Armour         | |  0.2

Action                   |  1- 3 |  4- 6 |  7- 9 | 10-12 || total
-------------------------+-------+-------+-------+-------++-------
Melee: Rapier            |   147 |   245 |   434 |   468 ||  1294
       Falchion          |       |    14 |       |       ||    14
 Fire: Hunting sling     |       |       |   165 |   295 ||   460
Throw: Boomerang         |     1 |    24 |    29 |    14 ||    68
Invok: Finesse           |       |       |       |     1 ||     1
       Heroism           |       |       |       |     3 ||     3
Evoke: Wand              |       |       |       |     2 ||     2
  Use: Scroll            |       |     1 |    11 |     7 ||    19
       Potion            |       |       |       |     2 ||     2
 Stab: Sleeping          |     1 |     4 |    15 |     4 ||    24
       Distracted        |       |     2 |       |       ||     2
  Eat: Ration            |       |     2 |     3 |     3 ||     8
Armor: Robe              |    10 |     9 |    41 |    38 ||    98
Dodge: Dodged            |   105 |   173 |   310 |   300 ||   888
Block: Buckler           |    35 |    71 |   121 |   153 ||   380
       Rpst.: Falchion   |       |     2 |       |       ||     2

Vanquished Creatures
  Harold (D:10)
  2 two-headed ogres
  A queen ant (Gauntlet)
  A sixfirhy (Gauntlet)
  An unseen horror (D:10)
  Maurice (D:8)
  A rust devil (Gauntlet)
  A gargoyle (D:9)
  A rime drake (Lair:1)
  A kobold demonologist (D:10)
  3 komodo dragons (Lair:1)
  5 blink frogs (Lair:1)
  4 hippogriffs
  A ynoxinul (Gauntlet)
  A wraith (D:10)
  A wyvern (D:9)
  Sigmund (D:2)
  2 fire bats (Gauntlet)
  12 yaks
  4 soldier ants (Gauntlet)
  A hell hound (Gauntlet)
  3 water moccasins
  5 porcupines
  5 sky beasts
  A hornet zombie (D:5)
  3 ice beasts
  2 phantoms
  2 black bears
  4 orc warriors
  A necrophage (D:9)
  9 ogres
  4 crocodiles
  5 wolves (D:10)
  A centaur (D:5)
  17 big kobolds (D:10)
  2 elf zombies (Ossuary)
  A gnoll sergeant (D:9)
  4 bullfrogs
  2 water moccasin skeletons
  5 scorpions
  An electric eel (Lair:1)
  2 centaur zombies
  A crimson imp (D:9)
  4 jellies (D:9)
  A bullfrog zombie (D:10)
  4 hounds
  7 orc priests
  4 orc wizards
  A gnoll shaman (D:4)
  3 iron imps (Gauntlet)
  A bullfrog skeleton (D:5)
  5 iguanas
  9 worker ants
  A killer bee zombie (D:9)
  A big kobold zombie (Ossuary)
  A hound zombie (D:8)
  2 mummies (Ossuary)
  2 worker ant zombies
  Robin (D:2)
  7 adders
  9 gnolls
  2 shadow imps
  3 ufetubi (Gauntlet)
  6 oozes
  3 adder zombies
  4 adder skeletons
  3 worms
  2 dart slugs (D:2)
  3 leopard geckos
  32 orcs
  8 bats
  8 giant cockroaches
  8 hobgoblins
  3 jackals (D:5)
  6 quokkas
  2 ball pythons
  8 frilled lizards
  20 goblins
  13 hobgoblin zombies (Ossuary)
  2 jackal zombies (Ossuary)
  15 kobolds
  4 kobold zombies (Ossuary)
  9 orc zombies (Ossuary)
  10 rats
  3 rat zombies (Ossuary)
366 creatures vanquished.

Vanquished Creatures (others)
  A fungus (D:10)
  A withered plant (D:3)
2 creatures vanquished.

Grand Total: 368 creatures vanquished
